 Dungeon Crawl Stone Soup version 0.32-a0-35-gd9ff480968 (webtiles) character file.

Game seed: 11955554158719329926

43 PriceMaster the Firebug (level 3, -2/21 HPs)
             Began as an Octopode Fire Elementalist on Jan 23, 2024.
             Was an Initiate of Vehumet.
             Slain by Ijyb
             ... wielding a +5 spectral club
              (4 damage)
             ... on level 3 of the Dungeon.
             The game lasted 00:04:01 (2467 turns).

PriceMaster the Firebug (OpFE)                      Turns: 2467, Time: 00:04:02

Health: -2/21      AC:  1    Str:  7    XL:     3   Next: 58%
Magic:  1/6        EV: 13    Int: 19    God:    Vehumet [......]
Gold:   57         SH:  0    Dex: 12    Spells: 0/6 levels left

rFire   . . .        d - staff of alchemy
rCold   . . .        (no shield)
rNeg    . . .        (helmet restricted)
rPois   +            (no amulet)
rElec   .            (no ring)
rCorr   .            (no ring)
SInv    .            (no ring)
Will    .....        (no ring)
Stlth   +++          (no ring)
HPRegen 0.23/turn    (no ring)
MPRegen 0.10/turn    (no ring)
                     (no ring)

%: no passive effects
@: no status effects
A: almost no armour, amphibious, 8 rings, camouflage 1, gelatinous body 1,
(nimble swimmer 1), tentacles
a: Renounce Religion


You were on level 3 of the Dungeon.
You worshipped Vehumet.
Vehumet was noncommittal.
You visited 1 branch of the dungeon, and saw 3 of its levels.

You collected 57 gold pieces.

Inventory:

Magical Staves
 d - a staff of alchemy (weapon)
Scrolls
 b - a scroll of teleportation
 f - 2 scrolls of amnesia {unknown}
 g - 2 scrolls of identify
 h - a scroll of butterflies {unknown}
 i - 2 scrolls of vulnerability {unknown}
Potions
 a - a potion of magic
 e - a potion of enlightenment {unknown}
 j - a potion of mutation {unknown}
 k - a potion of curing {unknown}


   Skills:
 + Level 0.2 Staves
 + Level 2.2 Dodging
 + Level 3.3 Stealth
 + Level 2.3 Spellcasting
 + Level 1.2 Conjurations
 + Level 3.7 Fire Magic


You couldn't memorise any spells.
You knew the following spells:

 Your Spells              Type           Power      Damage    Failure   Level
a - Foxfire               Conj/Fire      44%        2x1d6     6%          1
b - Scorch                Fire           32%        2d6       5%          2
c - Inner Flame           Hex/Fire       9%         N/A       22%         3

Your spell library contained the following spells:

 Spells                   Type           Power      Damage    Failure   Level
 Volatile Blastmotes      Fire/Tloc      18%        2d11      22%         3
 Call Canine Familiar     Summ           2%         N/A       45%         3
 Sigil of Binding         Hex            2%         N/A       45%         3
 Flame Wave               Conj/Fire      11%        2d6       52%         4
 Dimensional Bullseye     Hex/Tloc       1%         N/A       86%         4


Dungeon Overview and Level Annotations

Branches:
Dungeon (3/15)

Altars:
Vehumet

Annotations:
D:3 Ijyb


Innate Abilities, Weirdness & Mutations

You cannot wear most types of armour.
You are amphibious.
You can wear up to eight rings at the same time.
Your skin changes colour to match your surroundings (Stealth+).
Your rubbery body absorbs attacks. (AC +1, EV +1)
((You are camouflaged when in or above water. (Stealth+)))
You have tentacles for arms and can constrict up to eight enemies at once.


Message History

You closely miss the adder.
The adder is moderately wounded.
The adder bites you but does no damage. Ijyb hits you with a +5 spectral club.
The adder bites you but does no damage.
You hit the adder but do no damage.
The adder is moderately wounded.
You feel less wooden. Ijyb hits you with a +5 spectral club.
The adder bites you but does no damage. Ijyb completely misses you.
You closely miss the adder. Your grab misses the adder.
The adder is moderately wounded.
The adder bites you. Ijyb closely misses you. The adder barely misses you.
Okay, then.
Casting: Scorch (safe; 5% risk of failure)
Confirm with . or Enter, or press ? or * to list all spells.
You conjure some foxfire!
The adder bites you. Ijyb hits you with a +5 spectral club.
Casting: Foxfire (safe; 6% risk of failure)
Confirm with . or Enter, or press ? or * to list all spells.
You conjure some foxfire!
The foxfire hits the adder.
The adder is severely wounded.
The foxfire hits the adder.
The adder is severely wounded.
The adder closely misses you. Ijyb hits you with a +5 spectral club!
* * * LOW HITPOINT WARNING * * *
Casting: Foxfire (safe; 6% risk of failure)
Confirm with . or Enter, or press ? or * to list all spells.
You don't have enough magic to cast this spell.
Casting: Foxfire (safe; 6% risk of failure)
Confirm with . or Enter, or press ? or * to list all spells.
You don't know that spell.
Okay, then.
As you read the scroll labelled TUTZIO KESMOVY, it crumbles to dust.
It is a scroll of identify.
b - a scroll of teleportation The foxfire hits the adder.
You kill the adder!
Vehumet accepts your kill. Ijyb hits you with a +5 spectral club.
You die...

..#.....# ........#
..[....# #.....#
#.....# . #...>.# .
... #.....###....
.....#######<@g......
#........ยง####....
##..####### . #.. ##.
#. #. #. ..


You could see Ijyb.

Vanquished Creatures
  An adder (D:3)
  2 ribbon worms (D:2)
  A dart slug (D:1)
  7 ball pythons
  3 bats
  2 giant cockroaches
  A goblin (D:2)
  3 hobgoblins
  3 jackals (D:1)
  2 quokkas (D:1)
  2 frilled lizards
  4 kobolds (D:2)
  4 rats
35 creatures vanquished.

Vanquished Creatures (others)
  53 foxfires
53 creatures vanquished.

Grand Total: 88 creatures vanquished

Notes
Turn   | Place    | Note
-------+----------+-------------------------------------------
     0 | D:1      | PriceMaster the Octopode Fire Elementalist began the quest
                  | for the Orb.
     0 | D:1      | Reached XP level 1. HP: 11/11 MP: 3/3
   144 | D:1      | Reached XP level 2. HP: 17/17 MP: 0/5
   151 | D:1      | Learned a level 2 spell: Scorch
  1604 | D:2      | Reached XP level 3. HP: 21/21 MP: 3/6
  1775 | D:2      | Learned a level 3 spell: Inner Flame
  1974 | D:2      | Found a radiant altar of Vehumet.
  2059 | D:2      | Became a worshipper of Vehumet
  2430 | D:3      | Noticed Ijyb
  2467 | D:3      | Slain by Ijyb

Illustrated notes

Levels and vault maps discovered:
D:1:      elethiomel_arrival_infinity_welcomes_careful_drivers, layout_basic
D:2:      layout_rooms, basic_altar
D:3:      layout_rooms, mainiacjoe_overflow_24_doors, lemuel_doored_altar,
          gup_sewer_entry_bowl, serial_shops, shop, hex_medium,
          minmay_misc_feat_iff, uniq_sigmund, uniq_ijyb

Skill      XL: |  1  2 |
---------------+-------+-----
Stealth        | 3 |  3.3
Staves         | |  0.2
Dodging        | |  2.2
Spellcasting   | |  2.3
Conjurations   | |  1.2
Fire Magic     | |  3.7

Action                     || total
---------------------------++-------
  Melee: Unarmed           ||    14
         Tentacles         ||     8
         Constrict         ||    10
         Punch             ||     1
         Staff             ||    43
   Cast: Foxfire           ||    34
         Scorch            ||    14
         Inner Flame       ||     2
    Use: Potion            ||     2
         Scroll            ||     1
   Stab: Sleeping          ||     4
         Distracted        ||     1
 Armour: Skin              ||    68
  Dodge: Dodged            ||    41

Table legend: (Time is in decaauts)
 A = Elapsed time spent in this place.
 B = Non-inter-level travel time spent in this place.
 C = Inter-level travel time spent in this place.
 D = Time resting spent in this place.
 E = Time spent auto-exploring this place.
 F = Levels seen in this place.
 G = Mean time per level.
                   A        B        C        D        E       F      G
               +--------+--------+--------+--------+--------+-----+--------+
         Total |   2474 |   2364 |    110 |     41 |   2033 |   3 |  824.7 |
       Dungeon |   2474 |   2364 |    110 |     41 |   2033 |   3 |  824.7 |
               +--------+--------+--------+--------+--------+-----+--------+

Top non-repeatable levels by time:
     D:1: 1601 daAuts
     D:2: 832 daAuts
     D:3: 40 daAuts
